APL (24 & UNDER)
MONTGOMERY GREY SOX @ EL PASO TEXANS
06/11/2028
 
TOP OF THE 1ST
Montgomery Grey Sox batting - Pitching for El Paso Texans : RHP Mike Marks
Pitching: RHP Mike Marks
Batting: RHB Lawrence Davidson 0-0: Swinging Strike
0-1: Ball
1-1: Ball
2-1: Ground out 6-3 (Groundball, 6)
Batting: SHB Kenneth Cruz 0-0: Ball
1-0: Called Strike
1-1: Ball
2-1: Ball
3-1: Base on Balls
Batting: LHB Gilbert Stegall 0-0: Called Strike
0-1: Ball
1-1: Called Strike
1-2: Ball
2-2: Foul Ball, location: 2F
2-2: Ball
3-2: Base on Balls
Kenneth Cruz to second
Batting: SHB Joe Pierce 0-0: Ball
1-0: Swinging Strike
1-1: Ball
2-1: Called Strike
2-2: Ball
3-2: Foul Ball, location: 2F
3-2: Foul Ball, location: 2F
3-2: Base on Balls
Kenneth Cruz to third
Gilbert Stegall to second
Batting: RHB Reinaldo Amarante 0-0: Swinging Strike
0-1: Called Strike
0-2: Foul Ball, location: 2F
0-2: Ball
1-2: Strikes out swinging
Batting: RHB Bradley Burns 0-0: Ball
1-0: Ball
2-0: Ball
3-0: Base on Balls
Kenneth Cruz scores
Gilbert Stegall to third
Joe Pierce to second
Batting: RHB António Nevárez 0-0: SINGLE (Groundball, 34D)
Gilbert Stegall scores
Joe Pierce to third
Bradley Burns to second
Runner from 3rd tries for Home, SAFE, no throw
Batting: LHB Aaron Thompson 0-0: Swinging Strike
0-1: Called Strike
0-2: Ball
1-2: Ball
2-2: 3-RUN HOME RUN (Line Drive, 9D), Distance : 388 ft
Batting: LHB Robinson López 0-0: Ball
1-0: Ball
2-0: SINGLE (Groundball, 4MD)
Batting: RHB Lawrence Davidson 0-0: 2-RUN HOME RUN (Flyball, 89XD), Distance : 400 ft
Batting: SHB Kenneth Cruz 0-0: Swinging Strike
0-1: Foul Ball, location: 2F
0-2: Strikes out swinging
Top of the 1st over - 8 run(s), 4 hit(s), 0 error(s), 0 left on base; Montgomery 8 - El Paso 0
BOTTOM OF THE 1ST
El Paso Texans batting - Pitching for Montgomery Grey Sox : RHP Jorge Villalobos
Pitching: RHP Jorge Villalobos
Batting: LHB William Foley 0-0: Ball
1-0: Foul Ball, location: 2F
1-1: Ball
2-1: Ground out U3 (Groundball, 34)
Batting: LHB John Fitzgerald 0-0: Called Strike
0-1: Foul Ball, location: 2F
0-2: Ball
1-2: Strikes out swinging
Batting: RHB José Murillo 0-0: Called Strike
0-1: Swinging Strike
0-2: Strikes out swinging
Bottom of the 1st over - 0 run(s), 0 hit(s), 0 error(s), 0 left on base; Montgomery 8 - El Paso 0
TOP OF THE 2ND
Montgomery Grey Sox batting - Pitching for El Paso Texans : RHP Mike Marks
Pitching: LHP Al Atkins
Batting: LHB Gilbert Stegall 0-0: Ball
1-0: Ground out U3 (Groundball, 34)
Batting: SHB Joe Pierce 0-0: Ball
1-0: Swinging Strike
1-1: Fly out, F9 (Flyball, 9S)
Batting: RHB Reinaldo Amarante 0-0: Called Strike
0-1: Called Strike
0-2: Foul Ball, location: 2F
0-2: Strikes out looking
Top of the 2nd over - 0 run(s), 0 hit(s), 0 error(s), 0 left on base; Montgomery 8 - El Paso 0
BOTTOM OF THE 2ND
El Paso Texans batting - Pitching for Montgomery Grey Sox : RHP Jorge Villalobos
Batting: SHB Richie Gallegos 0-0: Fly out, F9 (Flyball, 9S)
Batting: LHB Roberto Félix 0-0: Ball
1-0: Swinging Strike
1-1: Foul Ball, location: 2F
1-2: Strikes out looking
Batting: RHB Javier Álvarez 0-0: Called Strike
0-1: Ball
1-1: SINGLE (Flyball, 78M)
Batting: LHB Cipriano Rangel 0-0: Ball
1-0: TRIPLE (Flyball, 9)
Javier Álvarez scores
Batting: RHB Jody Díaz 0-0: Called Strike
0-1: 2-RUN HOME RUN (Flyball, 89XD), Distance : 411 ft
Batting: RHB Andrew O'Dell 0-0: Ball
1-0: Ball
2-0: Ball
3-0: Called Strike
3-1: Called Strike
3-2: Base on Balls
Batting: LHB William Foley 0-0: Ball
1-0: Fly out, F8 (Flyball, 8RM)
Bottom of the 2nd over - 3 run(s), 3 hit(s), 0 error(s), 1 left on base; Montgomery 8 - El Paso 3
TOP OF THE 3RD
Montgomery Grey Sox batting - Pitching for El Paso Texans : LHP Al Atkins
Batting: RHB Bradley Burns 0-0: Called Strike
0-1: Foul Ball, location: 2F
0-2: Foul Ball, location: 2F
0-2: Strikes out swinging
Batting: RHB António Nevárez 0-0: Foul Ball, location: 2F
0-1: Ball
1-1: Swinging Strike
1-2: Strikes out swinging
Batting: LHB Aaron Thompson 0-0: Ball
1-0: Ball
2-0: Swinging Strike
2-1: Foul Ball, location: 2F
2-2: Foul Ball, location: 2F
2-2: Foul Ball, location: 2F
2-2: Foul Ball, location: 2F
2-2: Ball
3-2: Strikes out looking
Top of the 3rd over - 0 run(s), 0 hit(s), 0 error(s), 0 left on base; Montgomery 8 - El Paso 3
BOTTOM OF THE 3RD
El Paso Texans batting - Pitching for Montgomery Grey Sox : RHP Jorge Villalobos
Batting: LHB John Fitzgerald 0-0: Ball
1-0: Called Strike
1-1: Ball
2-1: Called Strike
2-2: Strikes out swinging
Batting: RHB José Murillo 0-0: Called Strike
0-1: Called Strike
0-2: Foul Ball, location: 2F
0-2: SOLO HOME RUN (Flyball, 7LD), Distance : 375 ft
Batting: SHB Richie Gallegos 0-0: Ball
1-0: Ball
2-0: Ball
3-0: Called Strike
3-1: Foul Ball, location: 2F
3-2: Strikes out swinging
Batting: LHB Roberto Félix 0-0: Ball
1-0: Foul Ball, location: 2F
1-1: Swinging Strike
1-2: Strikes out looking
Bottom of the 3rd over - 1 run(s), 1 hit(s), 0 error(s), 0 left on base; Montgomery 8 - El Paso 4
TOP OF THE 4TH
Montgomery Grey Sox batting - Pitching for El Paso Texans : LHP Al Atkins
Batting: LHB Robinson López 0-0: Foul Ball, location: 2F
0-1: Ball
1-1: Foul Ball, location: 2F
1-2: Ground out 6-3 (Groundball, 6M)
Pitching: RHP Derek Baker
Batting: RHB Lawrence Davidson 0-0: Called Strike
0-1: Ball
1-1: Called Strike
1-2: Strikes out swinging
Batting: SHB Kenneth Cruz 0-0: Ball
1-0: Foul Ball, location: 2F
1-1: Called Strike
1-2: SOLO HOME RUN (Line Drive, 89XD), Distance : 426 ft
Batting: LHB Gilbert Stegall 0-0: Ball
1-0: Called Strike
1-1: Ball
2-1: Fly out, F8 (Flyball, 8LM)
Top of the 4th over - 1 run(s), 1 hit(s), 0 error(s), 0 left on base; Montgomery 9 - El Paso 4
BOTTOM OF THE 4TH
El Paso Texans batting - Pitching for Montgomery Grey Sox : RHP Jorge Villalobos
Batting: RHB Javier Álvarez 0-0: Called Strike
0-1: Ball
1-1: Fly out, F7 (Flyball, 78S)
Batting: LHB Cipriano Rangel 0-0: Ball
1-0: Called Strike
1-1: Foul Ball, location: 2F
1-2: Ball
2-2: Ball
3-2: Strikes out swinging
Batting: RHB Jody Díaz 0-0: Ball
1-0: Swinging Strike
1-1: Foul Ball, location: 2F
1-2: Ball
2-2: Ground out 5-3 (Groundball, 56)
Bottom of the 4th over - 0 run(s), 0 hit(s), 0 error(s), 0 left on base; Montgomery 9 - El Paso 4
TOP OF THE 5TH
Montgomery Grey Sox batting - Pitching for El Paso Texans : RHP Derek Baker
Batting: SHB Joe Pierce 0-0: Ball
1-0: Called Strike
1-1: Called Strike
1-2: Ball
2-2: Strikes out swinging
Batting: RHB Reinaldo Amarante 0-0: Hit by Pitch
Batting: RHB Bradley Burns 0-0: Called Strike
0-1: Ball
1-1: SINGLE (Flyball, 9S)
Reinaldo Amarante to second
Runner from 2nd tries for 3rd, OUT!
Bradley Burns to second
Batting: RHB António Nevárez 0-0: Fly out, F8 (Flyball, 8LM)
Top of the 5th over - 0 run(s), 1 hit(s), 0 error(s), 1 left on base; Montgomery 9 - El Paso 4
BOTTOM OF THE 5TH
El Paso Texans batting - Pitching for Montgomery Grey Sox : RHP Jorge Villalobos
Batting: RHB Andrew O'Dell 0-0: Ball
1-0: Ball
2-0: Ground out 5-3 (Groundball, 56S)
Batting: LHB William Foley 0-0: Ball
1-0: Ball
2-0: Foul Ball, location: 2F
2-1: Foul Ball, location: 2F
2-2: Strikes out swinging
Batting: LHB John Fitzgerald 0-0: Ball
1-0: Swinging Strike
1-1: Foul Ball, location: 2F
1-2: Ball
2-2: Strikes out looking
Bottom of the 5th over - 0 run(s), 0 hit(s), 0 error(s), 0 left on base; Montgomery 9 - El Paso 4
TOP OF THE 6TH
Montgomery Grey Sox batting - Pitching for El Paso Texans : RHP Derek Baker
Batting: LHB Aaron Thompson 0-0: Ball
1-0: Called Strike
1-1: Fly out, F8 (Flyball, 78M)
Batting: LHB Robinson López 0-0: Called Strike
0-1: Ball
1-1: Ball
2-1: Ball
3-1: Base on Balls
Batting: RHB Lawrence Davidson 0-0: Ball
1-0: Ball
2-0: Foul Ball, location: 2F
2-1: Foul Ball, location: 2F
2-2: Fly out, F2 (Popup, 23)
Batting: SHB Kenneth Cruz 0-0: Ball
1-0: Fielders Choice at 2nd, 4-6 (Groundball, 4)
Top of the 6th over - 0 run(s), 0 hit(s), 0 error(s), 0 left on base; Montgomery 9 - El Paso 4
BOTTOM OF THE 6TH
El Paso Texans batting - Pitching for Montgomery Grey Sox : RHP Jorge Villalobos
Batting: RHB José Murillo 0-0: Called Strike
0-1: Ball
1-1: Ball
2-1: Ball
3-1: Base on Balls
Batting: SHB Richie Gallegos 0-0: Ball
1-0: Ball
2-0: Called Strike
2-1: Ball
3-1: Base on Balls
José Murillo to second
Pitching: RHP Johannes Hunsberger
Batting: LHB Roberto Félix 0-0: Called Strike
0-1: Ball
1-1: Ball
Wild Pitch!
José Murillo to third
Richie Gallegos to second
2-1: DOUBLE (Line Drive, 7LM)
José Murillo scores
Richie Gallegos scores
Batting: RHB Javier Álvarez 0-0: Ball
1-0: Ground out 5-3 (Groundball, 56)
Batting: LHB Cipriano Rangel 0-0: Ball
1-0: Ball
2-0: Ball
3-0: Base on Balls
Pitching: RHP Alan Foster
Batting: RHB Jody Díaz 0-0: Ball
1-0: Ball
2-0: Foul Ball, location: 2F
2-1: Foul Ball, location: 2F
2-2: Foul Ball, location: 2F
2-2: Ball
3-2: Grounds into double play, 6-4-3 (Groundball, 6M)
Bottom of the 6th over - 2 run(s), 1 hit(s), 0 error(s), 1 left on base; Montgomery 9 - El Paso 6
TOP OF THE 7TH
Montgomery Grey Sox batting - Pitching for El Paso Texans : RHP Derek Baker
Batting: LHB Gilbert Stegall 0-0: Ball
1-0: Ball
2-0: Ball
3-0: Base on Balls
Batting: SHB Joe Pierce 0-0: Called Strike
0-1: Reached on error, E7 (Flyball, 7)
Gilbert Stegall to second
Batting: RHB Reinaldo Amarante 0-0: Fly out, F9 (Flyball, 89M)
Batting: RHB Bradley Burns 0-0: Foul Ball, location: 2F
0-1: Swinging Strike
0-2: Grounds into double play, 6-4-3 (Groundball, 6)
Top of the 7th over - 0 run(s), 0 hit(s), 1 error(s), 1 left on base; Montgomery 9 - El Paso 6
BOTTOM OF THE 7TH
El Paso Texans batting - Pitching for Montgomery Grey Sox : RHP Alan Foster
Batting: RHB Andrew O'Dell 0-0: Called Strike
0-1: Called Strike
0-2: SINGLE (Flyball, 89S)
Batting: LHB William Foley 0-0: Ball
1-0: Called Strike
1-1: Foul Ball, location: 2F
1-2: DOUBLE (Line Drive, 7LM)
Andrew O'Dell to third
Pitching: LHP Juan Reyes
Batting: LHB John Fitzgerald 0-0: Swinging Strike
0-1: SINGLE (Flyball, 8RS)
Andrew O'Dell scores
William Foley to third
Pitching: LHP Guillermo Solano
Batting: RHB José Murillo 0-0: Ball
1-0: Foul Ball, location: 2F
1-1: Swinging Strike
1-2: Ball
2-2: Ball
3-2: Base on Balls
John Fitzgerald to second
Batting: SHB Richie Gallegos 0-0: Ball
1-0: Grounds into double play, 5-4-3 (Groundball, 56)
William Foley scores
John Fitzgerald to third
Pinch Hitting: RHB John Wilson 0-0: Foul Ball, location: 2F
0-1: Ball
1-1: Called Strike
1-2: Foul Ball, location: 2F
1-2: Ground out 5-3 (Groundball, 56S)
Bottom of the 7th over - 2 run(s), 3 hit(s), 0 error(s), 1 left on base; Montgomery 9 - El Paso 8
TOP OF THE 8TH
Montgomery Grey Sox batting - Pitching for El Paso Texans : RHP Derek Baker
Now in LF: Domingo Morales
Batting: RHB António Nevárez 0-0: Ball
1-0: Swinging Strike
1-1: Called Strike
1-2: Strikes out swinging
Batting: LHB Aaron Thompson 0-0: Ball
1-0: Swinging Strike
1-1: Foul Ball, location: 2F
1-2: Ball
2-2: Ball
3-2: Base on Balls
Pitching: RHP Firmino Orsi
Batting: LHB Robinson López 0-0: Ball
1-0: Ball
Aaron Thompson steals 2nd base
2-0: Intentional Walk
Batting: RHB Lawrence Davidson 0-0: Ball
1-0: Called Strike
1-1: Called Strike
1-2: Fly out, F8 (Line Drive, 8LXD)
Runner from 2nd tags up, SAFE at 3rd, no throw
Batting: SHB Kenneth Cruz 0-0: Swinging Strike
0-1: Called Strike
0-2: Strikes out swinging
Top of the 8th over - 0 run(s), 0 hit(s), 0 error(s), 2 left on base; Montgomery 9 - El Paso 8
BOTTOM OF THE 8TH
El Paso Texans batting - Pitching for Montgomery Grey Sox : LHP Guillermo Solano
Batting: RHB Javier Álvarez 0-0: Called Strike
0-1: Ball
1-1: Called Strike
1-2: Ball
2-2: Foul Ball, location: 2F
2-2: Ground out 6-3 (Groundball, 6)
Batting: LHB Cipriano Rangel 0-0: Called Strike
0-1: Ball
1-1: Foul Ball, location: 2F
1-2: Ball
2-2: Strikes out swinging
Batting: RHB Jody Díaz 0-0: Called Strike
0-1: Swinging Strike
0-2: Strikes out swinging
Bottom of the 8th over - 0 run(s), 0 hit(s), 0 error(s), 0 left on base; Montgomery 9 - El Paso 8
TOP OF THE 9TH
Montgomery Grey Sox batting - Pitching for El Paso Texans : RHP Firmino Orsi
Pitching: RHP Cliff Wolfe
Batting: LHB Gilbert Stegall 0-0: Ball
1-0: Called Strike
1-1: Ball
2-1: Called Strike
2-2: Ground out 5-3 (Groundball, 56)
Batting: SHB Joe Pierce 0-0: Foul Ball, location: 2F
0-1: Swinging Strike
0-2: Ball
1-2: Strikes out looking
Batting: RHB Reinaldo Amarante 0-0: SINGLE (Groundball, 56S) (infield hit)
Pinch Hitting: RHB Fred Moulds 0-0: Ball
1-0: Called Strike
1-1: Called Strike
1-2: Strikes out swinging
Top of the 9th over - 0 run(s), 1 hit(s), 0 error(s), 1 left on base; Montgomery 9 - El Paso 8
BOTTOM OF THE 9TH
El Paso Texans batting - Pitching for Montgomery Grey Sox : LHP Guillermo Solano
Pitching: LHP Zak Smith
Now at 3B: Fred Moulds
Batting: RHB Andrew O'Dell 0-0: Ball
1-0: Foul Ball, location: 2F
1-1: Foul Ball, location: 2F
1-2: Foul Ball, location: 2F
1-2: Foul Ball, location: 2F
1-2: Foul Ball, location: 2F
1-2: Ball
2-2: Foul Ball, location: 2F
2-2: Ball
3-2: Base on Balls
Batting: LHB William Foley 0-0: Ball
1-0: Ball
2-0: Swinging Strike
2-1: Fly out, F8 (Flyball, 8LM)
Pinch Hitting: RHB Marvin Johnson 0-0: Ball
Wild Pitch!
Andrew O'Dell to second
1-0: Fly out, F9 (Flyball, 9LSF)
Batting: RHB José Murillo 0-0: Called Strike
0-1: Ball
1-1: Swinging Strike
1-2: Ball
2-2: Foul Ball, location: 2F
2-2: Ground out 6-3 (Groundball, 6)
Bottom of the 9th over - 0 run(s), 0 hit(s), 0 error(s), 1 left on base; Montgomery 9 - El Paso 8
Tuesday, August 8th, 2017 - OOTP Baseball 17.12 Build 75